[Event "December 12 Early 2023"]
[Site "https://www.chess.com"]
[Date "2023.12.12"]
[Round "4"]
[White "Pak, Yevgeniy"]
[Black "Hartikainen, Jarmo"]
[Result "1-0"]
[Board "180"]
[TimeControl "180+1"]
[WhiteFideId "14201712"]
[BlackFideId "503134"]
[WhiteElo "2456"]
[BlackElo "2129"]
[WhiteTeam "KAZ"]
[BlackTeam "FIN"]
[WhiteClock "0:00:45"]
[BlackClock "0:00:04"]

1. e4 c5 2. Nf3 Nc6 3. Bb5 e6 4. O-O Nge7 5. d4 cxd4 6. Nxd4 a6 7. Be2 Nxd4 8. Qxd4 Nc6 9. Qe3 Qc7 10. c4 b6 11. Nc3 Be7 12. Qg3 Qxg3 13. hxg3 Bb7 14. Na4 b5 15. cxb5 axb5 16. Nb6 Nd4 17. Bd3 Ra6 18. Be3 Bc5 19. Nc8 Bxc8 20. Rfc1 O-O 21. Rxc5 Nb3 22. Bxb5 Nxc5 23. Bxc5 d6 24. Bxa6 dxc5 25. Bxc8 Rxc8 26. Rc1 Kf8 27. b4 c4 28. Rc3 Ke7 29. Kf1 e5 30. a4 Kd6 31. Ke2 Rc6 32. b5 Rc8 33. Rc1 Kc5 34. Rb1 Ra8 35. b6 Rb8 36. a5 f5 37. b7 fxe4 38. a6 c3 39. a7 c2 40. Rc1 Rxb7 41. Rxc2+ Kd4 42. a8=Q Rb2 43. Rxb2 e3 44. Qa4+ 1-0

[Event "December 12 Early 2023"]
[Site "https://www.chess.com"]
[Date "2023.12.12"]
[Round "4"]
[White "Liu, Casper"]
[Black "Tilahun , Abel Mathewos"]
[Result "1-0"]
[Board "181"]
[TimeControl "180+1"]
[WhiteFideId "1454153"]
[BlackFideId "15702391"]
[WhiteElo "2454"]
[BlackElo "2084"]
[WhiteTeam "DEN"]
[BlackTeam "ETH"]
[WhiteClock "0:00:27"]
[BlackClock "0:00:11"]

1. f4 d5 2. Nf3 Nf6 3. e3 Bf5 4. g3 e6 5. Bg2 Bd6 6. O-O O-O 7. d3 c5 8. Nc3 Nc6 9. Qe1 Rc8 10. e4 d4 11. Nd1 Nb4 12. Qe2 c4 13. exf5 exf5 14. dxc4 Re8 15. Ne5 Bc5 16. Kh1 Ng4 17. h3 Ne3 18. Nxe3 dxe3 19. a3 Nc6 20. Rd1 Qf6 21. Bxc6 bxc6 22. Bxe3 Bd6 23. Bd4 c5 24. Bc3 Qh6 25. Qg2 f6 26. Qd5+ Kh8 27. Nf7+ Kg8 28. Nxh6+ Kh8 29. Qg8+ Rxg8 30. Nf7# 1-0

[Event "December 12 Early 2023"]
[Site "https://www.chess.com"]
[Date "2023.12.12"]
[Round "4"]
[White "Reinecke, Katharina"]
[Black "Khromkin, Andrey"]
[Result "0-1"]
[Board "182"]
[TimeControl "180+1"]
[WhiteFideId "12929727"]
[BlackFideId "4154126"]
[WhiteElo "2020"]
[BlackElo "2447"]
[WhiteTeam "GER"]
[BlackTeam "RUS"]
[WhiteClock "0:00:00"]
[BlackClock "0:00:43"]

1. d4 d5 2. c4 dxc4 3. e3 e5 4. Bxc4 exd4 5. exd4 Bd6 6. Nf3 Nf6 7. O-O O-O 8. Nc3 Nc6 9. a3 Bg4 10. Be3 Qd7 11. b4 a6 12. b5 axb5 13. Nxb5 Rad8 14. h3 Bh5 15. d5 Ne5 16. Nxe5 Bxe5 17. Qb3 Bxa1 18. Rxa1 Nxd5 19. a4 c6 20. Nd4 Nxe3 21. fxe3 Rfe8 22. Rf1 Rxe3 23. Qxe3 Qxd4 24. Qxd4 Rxd4 25. Bb3 Kf8 26. g4 Bg6 27. Kg2 Rb4 28. Bd1 Be4+ 29. Kg3 Bd5 30. Re1 Bb3 31. Bxb3 Rxb3+ 32. Kg2 Rb4 33. Ra1 c5 34. a5 c4 35. a6 bxa6 36. Rxa6 Rb1 37. Rc6 Rc1 38. Kg3 c3 39. Kf2 c2 40. h4 Rh1 0-1

[Event "December 12 Early 2023"]
[Site "https://www.chess.com"]
[Date "2023.12.12"]
[Round "4"]
[White "Horcajuelo Rocamora, Martin"]
[Black "Thake, Conrad"]
[Result "1-0"]
[Board "183"]
[TimeControl "180+1"]
[WhiteFideId "24573027"]
[BlackFideId "5602947"]
[WhiteElo "2445"]
[BlackElo "1966"]
[WhiteTeam "ESP"]
[BlackTeam "MLT"]
[WhiteClock "0:02:03"]
[BlackClock "0:00:51"]

1. e4 c5 2. Nf3 Nc6 3. d4 cxd4 4. Nxd4 Nf6 5. Nc3 e5 6. Ndb5 d6 7. Bg5 a6 8. Na3 b5 9. Nd5 Be7 10. Bxf6 Bxf6 11. c3 O-O 12. Nc2 Bg5 13. a4 Rb8 14. axb5 axb5 15. h4 Bh6 16. g4 Bf4 17. Qf3 g5 18. hxg5 Qxg5 19. Qh3 h6 20. Be2 Kg7 21. Rd1 Rh8 22. Nxf4 exf4 23. Rxd6 Ne5 24. f3 Be6 25. Qh4 Qg6 26. Nd4 Ra8 27. Kf2 Ra2 28. Nf5+ Kg8 29. Ne7+ 1-0

[Event "December 12 Early 2023"]
[Site "https://www.chess.com"]
[Date "2023.12.12"]
[Round "4"]
[White "Santos, Isaque Goncalves"]
[Black "Munoz Sanchez, Miguel"]
[Result "0-1"]
[Board "184"]
[TimeControl "180+1"]
[WhiteFideId "2103885"]
[BlackFideId "3600734"]
[WhiteElo "1842"]
[BlackElo "2336"]
[WhiteTeam "BRA"]
[BlackTeam "ECU"]
[WhiteClock "0:00:01"]
[BlackClock "0:00:12"]

1. d4 Nf6 2. c4 g6 3. Nc3 Bg7 4. e4 d6 5. Nge2 O-O 6. Ng3 c5 7. d5 e6 8. Be2 exd5 9. cxd5 a6 10. a4 Nbd7 11. O-O Re8 12. Bf4 Ne5 13. a5 b5 14. axb6 Qxb6 15. Na4 Qc7 16. Rc1 Bd7 17. b4 Bxa4 18. Qxa4 Nfd7 19. bxc5 Nxc5 20. Qa3 Qd7 21. Qa5 h5 22. f3 Ned3 23. Bxd3 Nxd3 24. Rc7 Qd8 25. Be3 Re7 26. Bb6 Bd4+ 27. Bxd4 Qxc7 28. Qa1 Rb8 29. Bh8 Qc5+ 30. Kh1 Ne5 31. Bf6 Reb7 32. f4 Ng4 33. Bd4 Qc4 34. h3 Rb4 35. Bh8 Ne5 36. Bxe5 dxe5 37. Qxe5 Qd4 38. Qxd4 Rxd4 39. Rc1 Rdb4 40. d6 Rb1 41. Rxb1 Rxb1+ 42. Kh2 Rd1 43. e5 Kf8 44. Ne4 Ke8 45. d7+ Kxd7 46. Nc5+ Kc6 47. Nxa6 Rb1 48. g4 Rb6 49. gxh5 gxh5 50. Kg3 Rxa6 51. Kh4 Kd5 52. Kxh5 Ke6 53. Kg5 Ra3 54. h4 Rg3+ 55. Kh5 Kf5 56. Kh6 Kxf4 57. e6 fxe6 58. h5 e5 59. Kh7 e4 60. Kh8 e3 61. h6 e2 62. h7 Rh3 63. Kg7 Rxh7+ 64. Kg8 e1=Q 65. Kf8 Qe7+ 0-1

[Event "December 12 Early 2023"]
[Site "https://www.chess.com"]
[Date "2023.12.12"]
[Round "4"]
[White "Kislinsky, Alexey"]
[Black "Vigoa Apecheche, Yanira"]
[Result "1-0"]
[Board "185"]
[TimeControl "180+1"]
[WhiteFideId "14108801"]
[BlackFideId "3507041"]
[WhiteElo "2647"]
[BlackElo "2354"]
[WhiteTeam "CZE"]
[BlackTeam "USA"]
[WhiteClock "0:00:04"]
[BlackClock "0:00:09"]

1. e4 c5 2. c3 g6 3. d4 cxd4 4. cxd4 d5 5. e5 Bg7 6. Nc3 Nc6 7. Bb5 Nh6 8. Nf3 O-O 9. O-O Bg4 10. Bxc6 bxc6 11. h3 Bxf3 12. Qxf3 Nf5 13. Qd3 f6 14. Bf4 Qb6 15. Ne2 fxe5 16. dxe5 e6 17. b3 c5 18. Rac1 Rac8 19. Kh1 h6 20. Bh2 Qb8 21. f4 c4 22. bxc4 dxc4 23. Rxc4 Qb5 24. Rc3 Qxd3 25. Rxd3 Rc2 26. Nd4 Nxd4 27. Rxd4 Rxa2 28. Rb1 g5 29. fxg5 h5 30. Rd7 Rff2 31. Rb8+ Bf8 32. Bg1 Rf1 33. g6 Raa1 34. g7 Rxg1+ 35. Kh2 Rgf1 36. gxf8=Q+ Rxf8 37. Rbb7 Rff1 38. Rg7+ Kf8 39. Rh7 Kg8 40. Rxh5 a5 41. Rg5+ Kf8 42. Rg6 Rf2 43. Rxe6 Raa2 44. Rf6+ Rxf6 45. exf6 Rf2 46. Ra7 Rxf6 47. Rxa5 Rg6 48. Rf5+ Kg7 49. Rf3 Kh7 50. h4 Rg4 51. Kh3 Rg7 52. g4 Ra7 53. Kg3 Kg6 54. g5 Kh5 55. Rd3 Ra4 56. Rd6 Rg4+ 57. Kf3 Rxh4 58. g6 Rg4 59. Rd5+ Kh4 60. Rd6 Kh5 61. Rd5+ Kh4 62. Rd1 Rg3+ 63. Kf4 Rxg6 64. Rh1# 1-0

[Event "December 12 Early 2023"]
[Site "https://www.chess.com"]
[Date "2023.12.12"]
[Round "4"]
[White "Chlpik, Martin"]
[Black "Kotlyar, Kirill"]
[Result "1-0"]
[Board "186"]
[TimeControl "180+1"]
[WhiteFideId "14923351"]
[BlackFideId "24145599"]
[WhiteElo "2325"]
[BlackElo "2569"]
[WhiteTeam "SVK"]
[BlackTeam "RUS"]
[WhiteClock "0:00:11"]
[BlackClock "0:00:23"]

1. d4 Nf6 2. c4 g6 3. g3 Bg7 4. Bg2 O-O 5. e3 c6 6. Ne2 d5 7. Nd2 Nbd7 8. O-O Nb6 9. c5 Nbd7 10. b4 e5 11. Bb2 e4 12. a4 Qc7 13. b5 Nh5 14. a5 f5 15. a6 cxb5 16. Nc3 Qc6 17. Qb3 Nhf6 18. f3 Kh8 19. fxe4 fxe4 20. Qxb5 Ng4 21. Rxf8+ Nxf8 22. Ndxe4 Nxe3 23. Nd6 Qxb5 24. Ncxb5 bxa6 25. Nc7 Rb8 26. Nxd5 Nxg2 27. Nxc8 Rxb2 28. Rd1 Nd7 29. Nd6 a5 30. Ne7 Ne3 31. Nf7# 1-0

[Event "December 12 Early 2023"]
[Site "https://www.chess.com"]
[Date "2023.12.12"]
[Round "4"]
[White "Jakubowska, Anna"]
[Black "Ginzburg, Yakov"]
[Result "0-1"]
[Board "187"]
[TimeControl "180+1"]
[WhiteFideId "1121952"]
[BlackFideId "4157176"]
[WhiteElo "2348"]
[BlackElo "2539"]
[WhiteTeam "POL"]
[BlackTeam "RUS"]
[WhiteClock "0:01:11"]
[BlackClock "0:01:54"]

1. e4 c5 2. Nc3 e6 3. g3 d5 4. exd5 exd5 5. d4 Nf6 6. Nge2 Nc6 7. Bg2 Bg4 8. dxc5 Bxc5 9. Nxd5 Nxd5 10. Qxd5 Qxd5 11. Bxd5 Nb4 12. Bb3 O-O-O 13. a3 Rhe8 14. axb4 Rxe2+ 15. Kf1 Rxf2+ 16. Kg1 Rd1# 0-1

[Event "December 12 Early 2023"]
[Site "https://www.chess.com"]
[Date "2023.12.12"]
[Round "4"]
[White "Aalto, Patrik"]
[Black "IranianCheetah"]
[Result "0-1"]
[Board "188"]
[TimeControl "180+1"]
[WhiteFideId "510726"]
[WhiteElo "2459"]
[BlackElo "2319"]
[WhiteTeam "FIN"]
[WhiteClock "0:00:00"]
[BlackClock "0:00:01"]

1. Nf3 Nf6 2. c4 g6 3. Nc3 Bg7 4. d4 O-O 5. e4 d6 6. Be2 Nbd7 7. h3 e5 8. Be3 Re8 9. d5 a5 10. g4 Nc5 11. Qc2 b6 12. Nd2 Rf8 13. f3 Ne8 14. h4 f5 15. gxf5 gxf5 16. Bg5 Qd7 17. O-O-O Kh8 18. h5 h6 19. Bh4 Bf6 20. Rdg1 Rg8 21. Rxg8+ Kxg8 22. Rg1+ Kh7 23. Bf2 Bg5 24. exf5 Qxf5 25. Bxc5 Qxc2+ 26. Kxc2 bxc5 27. Nde4 Nf6 28. Nxg5+ hxg5 29. Rxg5 Bd7 30. Bd3+ Kh8 31. Bf5 Be8 32. h6 a4 33. Rg7 a3 34. Rxc7 axb2 35. Kxb2 Rb8+ 36. Kc2 Ra8 37. Rb7 Rd8 38. a4 Ra8 39. Kb3 Bh5 40. Rb6 Bxf3 41. Rxd6 Ne8 42. Re6 Rb8+ 43. Nb5 Nc7 44. Rxe5 Na6 45. d6 Nb4 46. d7 Bc6 47. Re7 Rd8 48. h7 Na6 0-1

[Event "December 12 Early 2023"]
[Site "https://www.chess.com"]
[Date "2023.12.12"]
[Round "4"]
[White "Dyulgerov, Volen"]
[Black "Umarov, Sabir"]
[Result "1-0"]
[Board "189"]
[TimeControl "180+1"]
[WhiteFideId "2918978"]
[BlackFideId "14200538"]
[WhiteElo "2407"]
[BlackElo "2313"]
[WhiteTeam "BUL"]
[BlackTeam "UZB"]
[WhiteClock "0:01:10"]
[BlackClock "0:00:00"]

1. e4 c6 2. d4 d5 3. Nd2 g6 4. h4 dxe4 5. Nxe4 Bg7 6. c3 h5 7. Ng5 Nf6 8. N1f3 Bg4 9. Qb3 O-O 10. Ne5 e6 11. Qxb7 Nbd7 12. Nxc6 Qe8 13. Bb5 e5 14. O-O exd4 15. Bf4 Qe4 16. Nxe4 1-0

[Event "December 12 Early 2023"]
[Site "https://www.chess.com"]
[Date "2023.12.12"]
[Round "4"]
[White "Salinas Tomas, Daniel"]
[Black "Tuleyeva-Aketayeva, Dana"]
[Result "0-1"]
[Board "190"]
[TimeControl "180+1"]
[WhiteFideId "24597716"]
[BlackFideId "13701932"]
[WhiteElo "2406"]
[BlackElo "2301"]
[WhiteTeam "ESP"]
[BlackTeam "KAZ"]
[WhiteClock "0:00:01"]
[BlackClock "0:00:14"]

1. e4 c5 2. Nf3 Nc6 3. c3 d5 4. exd5 Qxd5 5. d4 Bg4 6. Be2 cxd4 7. cxd4 e6 8. Nc3 Qd8 9. O-O Nf6 10. Qa4 Nd5 11. Nxd5 exd5 12. Ne5 Bd7 13. Bb5 Nxe5 14. Re1 Bd6 15. dxe5 Be7 16. Rd1 a6 17. Bxd7+ Qxd7 18. Qxd7+ Kxd7 19. Rxd5+ Ke6 20. Rd1 Rhd8 21. Bd2 b5 22. f4 Rac8 23. Be3 Rc2 24. Rxd8 Bxd8 25. Rd1 Be7 26. Rd2 Rxd2 27. Bxd2 Kd5 28. Kf2 Ke4 29. Ke2 Bc5 30. h3 h5 31. g4 hxg4 32. hxg4 g6 33. Bc1 Bg1 34. Bd2 Bh2 35. e6 fxe6 36. Be1 Kxf4 37. Kd3 Kxg4 38. Kd4 Bd6 39. Ke4 g5 40. Bd2 Kh4 41. Kf3 g4+ 42. Kg2 g3 43. Be3 Kg4 44. b3 Bf4 45. Bc5 e5 46. Bb6 e4 47. Ba7 e3 48. Kf1 Kf3 0-1

[Event "December 12 Early 2023"]
[Site "https://www.chess.com"]
[Date "2023.12.12"]
[Round "4"]
[White "Skaric, Djuro"]
[Black "Zaichenko, Daria"]
[Result "1-0"]
[Board "191"]
[TimeControl "180+1"]
[WhiteFideId "934569"]
[BlackFideId "4197453"]
[WhiteElo "2402"]
[BlackElo "2234"]
[WhiteTeam "SRB"]
[BlackTeam "RUS"]
[WhiteClock "0:02:10"]
[BlackClock "0:01:08"]

1. g3 d5 2. Bg2 e5 3. d3 c5 4. Nf3 Nc6 5. O-O Bd6 6. Nc3 Nge7 7. e4 d4 8. Ne2 O-O 9. h3 f5 10. Ne1 Ng6 11. exf5 Bxf5 12. f4 exf4 13. Nxf4 Nxf4 14. Bxf4 Qc7 15. Qd2 Nb4 16. a3 Bxf4 17. Rxf4 Nc6 18. Nf3 Rae8 19. Rf1 Bg6 20. Nh4 Rxf4 21. Rxf4 Bf7 22. Qf2 Ne5 23. Nf5 Ng6 24. Re4 Rxe4 25. Bxe4 b6 26. h4 Ne5 27. Qf4 g6 28. Nh6+ Kg7 29. Nxf7 Qxf7 30. Qxe5+ Kh6 31. Kg2 Qa2 32. g4 1-0

[Event "December 12 Early 2023"]
[Site "https://www.chess.com"]
[Date "2023.12.12"]
[Round "4"]
[White "Petrukhina, Olga"]
[Black "Kolmagorov, Alexey"]
[Result "1/2-1/2"]
[Board "192"]
[TimeControl "180+1"]
[WhiteFideId "13703935"]
[BlackFideId "34129402"]
[WhiteElo "2217"]
[BlackElo "2373"]
[WhiteTeam "KAZ"]
[BlackTeam "RUS"]
[WhiteClock "0:00:09"]
[BlackClock "0:00:08"]

1. d4 Nf6 2. c4 c5 3. d5 b5 4. cxb5 a6 5. b6 d6 6. Nc3 Nbd7 7. a4 Qxb6 8. a5 Qc7 9. e4 g6 10. Nf3 Bg7 11. Nd2 O-O 12. Nc4 Rb8 13. Bd3 Qb7 14. O-O Qb3 15. Qe2 Ne8 16. Ra3 Qb7 17. Na4 Nc7 18. Nab6 Nb5 19. Ra1 Nd4 20. Qd1 Nxb6 21. axb6 Bd7 22. Rb1 Bb5 23. b3 Qd7 24. Bd2 Rb7 25. Ba5 e6 26. b4 exd5 27. exd5 Re8 28. h3 h5 29. Qd2 Kh7 30. Rfe1 Bh6 31. Qb2 Bg7 32. Qd2 Bh6 33. Qb2 Bg7 34. Qd2 1/2-1/2

[Event "December 12 Early 2023"]
[Site "https://www.chess.com"]
[Date "2023.12.12"]
[Round "4"]
[White "Barath1308"]
[Black "MasterofMasters2006"]
[Result "1-0"]
[Board "193"]
[TimeControl "180+1"]
[WhiteElo "2359"]
[BlackElo "2065"]
[WhiteClock "0:00:20"]
[BlackClock "0:00:05"]

1. d4 Nf6 2. Nf3 d5 3. c4 e6 4. g3 b6 5. Bg2 Bb7 6. O-O dxc4 7. Nbd2 Be7 8. Nxc4 O-O 9. b3 Nbd7 10. Bb2 c5 11. Nfe5 Bxg2 12. Kxg2 Qc7 13. Rc1 Rfd8 14. e3 Nxe5 15. Nxe5 Nd7 16. Nxd7 Rxd7 17. Qf3 Rad8 18. d5 Rxd5 19. Qg4 Bf8 20. h4 Rd2 21. Bf6 Qc6+ 22. Kg1 h5 23. Qg5 R2d5 24. Bxd8 Rxg5 25. Bxg5 f6 26. Bf4 e5 27. Rfd1 exf4 28. exf4 Kf7 29. Rd2 Be7 30. Rcd1 a5 31. Rd7 b5 32. Ra7 Ke8 33. Re1 Qd6 34. f5 c4 35. bxc4 bxc4 36. Re6 Qd1+ 37. Kh2 Qd8 38. Rea6 c3 39. Ra8 c2 40. Rxd8+ Kxd8 41. Rc6 Kd7 42. Rxc2 Bb4 43. Kg2 Kd6 44. Kf3 Ke5 45. Rc7 Kxf5 46. Rxg7 Bc5 47. Rc7 Bb4 48. Rb7 Kg6 49. Rb5 Bd2 50. Ke4 Be1 51. Rb2 Bc3 52. Rc2 Bb4 53. f4 Be1 54. f5+ Kh6 55. Kf3 Bb4 56. Rc6 Kg7 57. Rc7+ Kh6 58. Rf7 Bc3 59. Ke4 Be5 60. Kd5 Bxg3 61. Rxf6+ Kh7 62. Ra6 Bxh4 63. Rxa5 Be1 64. Ra7+ Kh6 65. Ke6 h4 66. f6 h3 67. f7 Bb4 68. Ra8 Kg7 69. Rg8+ Kh7 70. f8=Q Bxf8 71. Rxf8 h2 72. Rf1 1-0

[Event "December 12 Early 2023"]
[Site "https://www.chess.com"]
[Date "2023.12.12"]
[Round "4"]
[White "Kopczynski, Michal"]
[Black "Vanek, Tomas"]
[Result "0-1"]
[Board "194"]
[TimeControl "180+1"]
[WhiteFideId "1124200"]
[BlackFideId "313459"]
[WhiteElo "2564"]
[BlackElo "2206"]
[WhiteTeam "POL"]
[BlackTeam "CZE"]
[WhiteClock "0:00:00"]
[BlackClock "0:00:13"]

1. e4 c5 2. d4 cxd4 3. c3 Nf6 4. Bd3 Nc6 5. f4 d5 6. e5 Ne4 7. Nf3 dxc3 8. Nxc3 Nxc3 9. bxc3 Bg4 10. O-O e6 11. Kh1 Bc5 12. Rb1 Qe7 13. h3 h5 14. Qb3 Bxf3 15. Rxf3 O-O 16. Rg3 h4 17. Rg5 b6 18. Rh5 g6 19. Rg5 Kg7 20. Qc2 Rh8 21. Bd2 Rh6 22. Re1 Rc8 23. f5 exf5 24. Bxf5 Re8 25. e6 Bd6 26. Rg4 Qf6 27. Rf1 Rxe6 28. Bxh6+ Kxh6 29. Qc1+ Kg7 30. Bxg6 Qe5 31. Rxf7+ Kg8 32. Qg1 Rxg6 33. Rxg6+ Kxf7 34. Rg4 Ne7 35. Rxh4 Nf5 36. Rg4 Ng3+ 37. Rxg3 Qxg3 38. a4 Kf8 39. Qf1+ Ke8 40. Qb5+ Kd8 0-1

[Event "December 12 Early 2023"]
[Site "https://www.chess.com"]
[Date "2023.12.12"]
[Round "4"]
[White "ArrestingPieces"]
[Black "De Arruda, Leandro Formes"]
[Result "1-0"]
[Board "195"]
[TimeControl "180+1"]
[BlackFideId "22722009"]
[WhiteElo "2529"]
[BlackElo "2320"]
[BlackTeam "BRA"]
[WhiteClock "0:01:38"]
[BlackClock "0:01:32"]

1. e4 e6 2. d4 d5 3. exd5 exd5 4. Nf3 Nf6 5. Bd3 Bd6 6. Qe2+ Qe7 7. Qxe7+ Bxe7 8. O-O O-O 9. Bf4 c6 10. Re1 Bb4 11. c3 Ba5 12. b4 Bd8 13. a4 Be6 14. a5 a6 15. h3 Nbd7 16. Nbd2 Rc8 17. Nb3 Bc7 18. Bxc7 Rxc7 19. Ne5 Nxe5 20. Rxe5 Nd7 21. Ree1 g6 22. f4 Kg7 23. Kf2 h5 24. Kf3 Bf5 25. Bxf5 gxf5 26. Re7 Kf6 27. Rae1 Rg8 28. Nc5 Rd8 29. g3 Kg6 30. Ne6 Rcc8 31. Nxd8 Rxd8 32. Re8 Rxe8 33. Rxe8 h4 34. Re7 Nf6 35. Rxb7 hxg3 36. Kxg3 Ne4+ 37. Kf3 Nxc3 38. Rb6 Nb5 39. Rxc6+ f6 40. Rxa6 Nxd4+ 41. Kf2 Nc2 42. Rb6 d4 43. Ke2 Ne3 44. a6 Nd5 45. Rb7 Nxf4+ 46. Kd2 Ne6 47. a7 Nd8 48. Rb6 1-0

[Event "December 12 Early 2023"]
[Site "https://www.chess.com"]
[Date "2023.12.12"]
[Round "4"]
[White "Dubreuil, Julien"]
[Black "Elgersma, Onno"]
[Result "1-0"]
[Board "196"]
[TimeControl "180+1"]
[WhiteFideId "621285"]
[BlackFideId "1053531"]
[WhiteElo "2317"]
[BlackElo "2525"]
[WhiteTeam "FRA"]
[BlackTeam "NED"]
[WhiteClock "0:00:04"]
[BlackClock "0:00:00"]

1. e4 d6 2. d4 Nf6 3. Nc3 g6 4. Bf4 Nc6 5. Qd2 Bg7 6. Nf3 Bg4 7. O-O-O Bxf3 8. gxf3 e5 9. dxe5 Nxe5 10. Bb5+ Nfd7 11. Qe3 O-O 12. h4 h5 13. Rhg1 c6 14. Be2 Qxh4 15. Bg5 Qh2 16. Rh1 Qg2 17. Rdg1 Qxg5 18. Qxg5 d5 19. Rxh5 d4 20. f4 dxc3 21. fxe5 cxb2+ 22. Kb1 Nxe5 23. f4 Nd7 24. Bc4 Nf6 25. Qxf6 Bxf6 26. Rxg6+ Bg7 27. Rhg5 b5 28. Rxg7+ Kh8 29. Bd3 a5 30. f5 Rg8 31. f6 Rxg7 32. Rxg7 a4 33. Kxb2 c5 34. e5 c4 35. Be4 Rd8 36. Rh7+ Kg8 37. Bg6 fxg6 38. Rg7+ Kh8 39. e6 b4 40. a3 c3+ 41. Ka2 b3+ 42. cxb3 Rd2+ 43. Kb1 axb3 44. Rd7 Re2 45. Rd8+ Kh7 46. Rd1 Rxe6 47. Rh1+ Kg8 48. a4 Rxf6 49. Rg1 Ra6 50. a5 Rxa5 51. Rxg6+ Kf7 52. Rg3 c2+ 53. Kb2 Ra2+ 54. Kxb3 c1=Q 55. Kxa2 Qc4+ 56. Rb3 Qc2+ 57. Ka3 Ke6 58. Rb4 Qc5 59. Ka4 Kd6 60. Kb3 Qe3+ 61. Kc4 Kc6 62. Ra4 Qe4+ 63. Kb3 Qd3+ 64. Kb4 Qc2 65. Ka3 Kc5 66. Ra7 1-0

[Event "December 12 Early 2023"]
[Site "https://www.chess.com"]
[Date "2023.12.12"]
[Round "4"]
[White "Zhuk, Valeriy"]
[Black "Sai Han Thiha"]
[Result "0-1"]
[Board "197"]
[TimeControl "180+1"]
[WhiteFideId "24151254"]
[BlackFideId "13012290"]
[WhiteElo "2312"]
[BlackElo "2506"]
[WhiteTeam "RUS"]
[BlackTeam "MYA"]
[WhiteClock "0:00:00"]
[BlackClock "0:00:30"]

1. Nf3 Nf6 2. c4 g6 3. Nc3 Bg7 4. e4 O-O 5. d4 d6 6. Be2 Bg4 7. h3 Bxf3 8. Bxf3 Nfd7 9. Be3 e5 10. d5 a5 11. a3 Na6 12. Rb1 f5 13. b4 f4 14. Bd2 h5 15. O-O Qe7 16. Qe2 c6 17. dxc6 bxc6 18. b5 cxb5 19. Nd5 Qd8 20. cxb5 Nac5 21. b6 Ne6 22. Qc4 Kh7 23. b7 Rb8 24. Rb5 Nd4 25. Bxa5 Qg5 26. Kh2 Nc5 27. Rxc5 dxc5 28. Rb1 Rf7 29. Qxc5 Rfxb7 30. Rxb7 Rxb7 31. Bc7 Rb2 0-1

[Event "December 12 Early 2023"]
[Site "https://www.chess.com"]
[Date "2023.12.12"]
[Round "4"]
[White "Petrova, Irina"]
[Black "Wanyama, Harold"]
[Result "0-1"]
[Board "198"]
[TimeControl "180+1"]
[WhiteFideId "14124122"]
[BlackFideId "10000380"]
[WhiteElo "2300"]
[BlackElo "2500"]
[WhiteTeam "UKR"]
[BlackTeam "UGA"]
[WhiteClock "0:00:00"]
[BlackClock "0:01:12"]

1. e4 c5 2. Nf3 e6 3. c4 Qc7 4. Nc3 Nc6 5. Be2 Nf6 6. O-O Be7 7. d4 cxd4 8. Nxd4 a6 9. Be3 Ne5 10. Rc1 h5 11. f3 d6 12. b3 Bd7 13. Qd2 Rc8 14. Rfd1 Qa5 15. Kh1 h4 16. f4 Neg4 17. Bg1 h3 18. g3 Rc7 19. Nd5 Qxd2 20. Nxc7+ Kd8 21. Rxd2 Nxe4 22. Rdc2 Ngf6 23. Nxa6 bxa6 24. Bf3 e5 25. fxe5 dxe5 26. Ne2 Bc6 27. Bb6+ Kc8 28. Kg1 Kb7 29. Be3 Rd8 30. Nc3 Nxc3 31. Bxc6+ Kxc6 32. Rxc3 Bb4 33. R3c2 Ng4 34. Bf2 f5 35. Re2 e4 36. Kf1 Nxh2+ 37. Kg1 Ng4 38. Kh1 Rd3 39. Bg1 Rxg3 40. Rf1 g6 41. Bh2 Rd3 42. Bf4 Bc5 43. Bg5 a5 44. Bh4 Bd6 45. Ree1 Ne3 46. Rg1 Ng4 47. Rd1 Rxd1 48. Rxd1 f4 49. Re1 e3 50. Kg1 Ne5 0-1

[Event "December 12 Early 2023"]
[Site "https://www.chess.com"]
[Date "2023.12.12"]
[Round "4"]
[White "Baches Garcia, Guillermo"]
[Black "Schut, Han"]
[Result "1-0"]
[Board "199"]
[TimeControl "180+1"]
[WhiteFideId "2209764"]
[BlackFideId "1005561"]
[WhiteElo "2485"]
[BlackElo "2297"]
[WhiteTeam "ESP"]
[BlackTeam "NED"]
[WhiteClock "0:01:01"]
[BlackClock "0:00:05"]

1. d4 Nf6 2. Nf3 g6 3. Bg5 Bg7 4. Nbd2 d5 5. e3 O-O 6. Be2 b6 7. O-O Bb7 8. c3 Ne4 9. Bf4 Nd7 10. h3 Rc8 11. a4 f6 12. a5 e5 13. Bh2 Nxd2 14. Nxd2 c5 15. Qb3 Kh8 16. axb6 axb6 17. Ra7 Bc6 18. Bb5 Nb8 19. Nf3 Re8 20. Rfa1 Bxb5 21. Qxb5 cxd4 22. Rd7 Qxd7 23. Qxd7 Nxd7 24. exd4 e4 25. Nd2 Ra8 26. Re1 Ra2 27. Rb1 b5 28. Nf1 Nb6 29. Ne3 Rd8 30. Bc7 Rda8 31. Bxb6 Ra1 32. Rxa1 Rxa1+ 33. Kh2 Rb1 34. b4 f5 35. Nxd5 g5 36. Nc7 f4 37. d5 Bxc3 38. Nxb5 Rxb4 39. Nxc3 Rxb6 40. Nxe4 Kg7 41. Nxg5 Rb2 42. Ne6+ Kf6 43. Nxf4 Ke5 44. Kg3 Rb3+ 45. f3 Rb4 46. Nd3+ 1-0

[Event "December 12 Early 2023"]
[Site "https://www.chess.com"]
[Date "2023.12.12"]
[Round "4"]
[White "Rodriguez Santiago, Jaime"]
[Black "Turzo, Attila"]
[Result "1/2-1/2"]
[Board "200"]
[TimeControl "180+1"]
[WhiteFideId "3100898"]
[BlackFideId "704954"]
[WhiteElo "2271"]
[BlackElo "2479"]
[WhiteTeam "PUR"]
[BlackTeam "HUN"]
[WhiteClock "0:00:10"]
[BlackClock "0:00:11"]

1. d4 Nf6 2. c4 g6 3. Nc3 d5 4. Nf3 Bg7 5. Bg5 Ne4 6. cxd5 Nxg5 7. Nxg5 e6 8. Qd2 exd5 9. Qe3+ Kf8 10. h4 h6 11. Nf3 c6 12. Qf4 Qf6 13. Qc7 Na6 14. Qg3 Nb4 15. O-O-O Bf5 16. a3 Na6 17. e3 b5 18. Bd3 Bxd3 19. Rxd3 b4 20. axb4 Nxb4 21. Rd2 Qe7 22. Re1 Kg8 23. e4 dxe4 24. Rxe4 Qd8 25. h5 g5 26. Ne5 Rc8 27. Qf3 Bxe5 28. dxe5 Qe7 29. e6 fxe6 30. Rde2 Rf8 31. Qh3 Rh7 32. Rxe6 Qd8 33. Rg6+ Kh8 34. Rd2 Qe7 35. Ne4 Nd5 36. Qd3 Rd8 37. Qd4+ Rg7 38. Rxh6+ Kg8 39. Nf6+ Kf7 40. Nxd5 Rxd5 41. Qc4 Qd7 42. Rxd5 Qxd5 43. Qxd5+ cxd5 44. Rd6 Rh7 45. g4 Ke7 46. Rxd5 Kf6 47. Rf5+ Ke6 48. Rxg5 Re7 49. Rf5 Rg7 50. Kc2 Rc7+ 51. Kd2 Rb7 52. b3 Rxb3 53. h6 Rh3 54. Rh5 Rxh5 55. gxh5 Kf6 56. f4 Kf7 57. Kc3 Kg8 58. Kb4 Kh7 59. Ka5 Kxh6 60. Ka6 Kxh5 61. Kxa7 Kg6 62. Kb6 Kf5 63. Kc5 Kxf4 1/2-1/2

[Event "December 12 Early 2023"]
[Site "https://www.chess.com"]
[Date "2023.12.12"]
[Round "4"]
[White "Minina, Veronika"]
[Black "Shukhman, Anna"]
[Result "0-1"]
[Board "201"]
[TimeControl "180+1"]
[WhiteFideId "4174780"]
[BlackFideId "54180058"]
[WhiteElo "2242"]
[BlackElo "2475"]
[WhiteTeam "RUS"]
[BlackTeam "FID"]
[WhiteClock "0:00:00"]
[BlackClock "0:01:14"]

1. Nf3 c5 2. g3 Nf6 3. Bg2 g6 4. O-O Bg7 5. c4 O-O 6. Nc3 d5 7. cxd5 Nxd5 8. Ng5 Nxc3 9. bxc3 h6 10. Ne4 Qc7 11. Ba3 c4 12. Rb1 Nc6 13. Qa4 Ne5 14. Nc5 Rb8 15. Qb4 b6 16. Ne4 Re8 17. f4 Ng4 18. h3 Nf6 19. Nxf6+ exf6 20. e4 Bf8 21. Qb2 Bb7 22. Bxf8 Rxf8 23. Rbe1 Rbd8 24. e5 Qc5+ 25. Kh2 Bxg2 26. Kxg2 Qd5+ 27. Kg1 fxe5 28. Rxe5 Qxd2 29. Qxd2 Rxd2 30. f5 g5 31. f6 Rd3 0-1

[Event "December 12 Early 2023"]
[Site "https://www.chess.com"]
[Date "2023.12.12"]
[Round "4"]
[White "Kukreja Sankalp"]
[Black "Ratnesan, Ranesh"]
[Result "0-1"]
[Board "202"]
[TimeControl "180+1"]
[WhiteFideId "45027676"]
[BlackFideId "439339"]
[WhiteElo "2456"]
[BlackElo "2221"]
[WhiteTeam "IND"]
[BlackTeam "ENG"]
[WhiteClock "0:00:17"]
[BlackClock "0:00:55"]

1. e4 c5 2. Nf3 d6 3. d4 cxd4 4. Nxd4 Nf6 5. Nc3 a6 6. Bc4 e6 7. Bg5 Nbd7 8. f4 Qc7 9. Qe2 h6 10. Bh4 b5 11. Bb3 b4 12. Nd5 Qc5 13. Nxf6+ Nxf6 14. Bf2 Qh5 15. Ba4+ Bd7 16. Bxd7+ Kxd7 17. Qc4 Qc5 18. Qd3 Qc7 19. O-O Be7 20. e5 Nd5 21. f5 dxe5 22. Bg3 Bc5 23. f6 gxf6 0-1